 Dungeon Crawl Stone Soup version 0.24.0-13-gcf9b319 (webtiles) character file.

Game seed: 5702800518666484809, levelgen mode: deterministic

0 Afromullet the Sneak (level 1, -1/13 HPs)
             Began as a Gnoll Enchanter on Feb 5, 2020.
             Slain by a goblin
             ... wielding a +0 dagger
              (2 damage)
             ... on level 1 of the Dungeon.
             The game lasted 00:00:35 (67 turns).

Afromullet the Sneak (Gnoll Enchanter)                Turns: 67, Time: 00:00:36

Health: -1/13      AC:  2    Str: 10    XL:     1   Next: 10%
Magic:  6/6        EV: 14    Int: 17    God:
Gold:   0          SH:  0    Dex: 15    Spells: 8/9 levels left

rFire    . . .     SeeInvis .   e - +0 mace
rCold    . . .     Gourm    .   (no shield)
rNeg     . . .     Faith    .   b - +0 robe
rPois    .         Spirit   .   (no helmet)
rElec    .         Reflect  .   (no cloak)
rCorr    .         Harm     .   (no gloves)
MR       .....                  (no boots)
Stlth    +++.......             (no amulet)
HPRegen  0.04/turn              (no ring)
MPRegen  0.10/turn              (no ring)

@: no status effects
A: distributed training, fangs 1, strong nose
a: no special abilities


You were on level 1 of the Dungeon.
You were not hungry.

You visited 1 branch of the dungeon, and saw 1 of its levels.

Inventory:

Hand Weapons
 a - a +1 dagger
 e - a +0 mace (weapon)
Armour
 b - a +0 robe (worn)
Comestibles
 c - a chunk of flesh
 d - 2 rations


   Skills:
 + Level 0.0 Fighting
 + Level 2.3 Short Blades
 + Level 0.0 Long Blades
 + Level 0.0 Axes
 + Level 0.0 Maces & Flails
 + Level 0.0 Polearms
 + Level 0.0 Staves
 + Level 0.0 Slings
 + Level 0.0 Bows
 + Level 0.0 Crossbows
 + Level 0.0 Throwing
 + Level 0.0 Armour
 + Level 4.4 Dodging
 + Level 5.8 Stealth
 + Level 0.0 Shields
 + Level 0.0 Unarmed Combat
 + Level 4.8 Spellcasting
 + Level 0.0 Conjurations
 + Level 5.3 Hexes
 + Level 0.0 Charms
 + Level 0.0 Summonings
 + Level 0.0 Necromancy
 + Level 0.0 Translocations
 + Level 0.0 Transmutations
 + Level 0.0 Fire Magic
 + Level 0.0 Ice Magic
 + Level 0.0 Air Magic
 + Level 0.0 Earth Magic
 + Level 0.0 Poison Magic
 + Level 0.0 Invocations
 + Level 0.0 Evocations


You had 8 spell levels left.
You knew the following spells:

 Your Spells              Type           Power        Failure   Level  Hunger
a - Corona                Hex            ###....      1%          1    None

Your spell library contained the following spells:

 Spells                   Type           Power        Failure   Level  Hunger
 Confuse                  Hex            ###.....     4%          3    ###....
 Tukima's Dance           Hex            ###.....     4%          3    ###....
 Ensorcelled Hibernation  Hex/Ice        ##....       8%          2    #......
 Dazzling Spray           Conj/Hex       ##....       14%         3    ###....


Dungeon Overview and Level Annotations

Branches:
Dungeon (1/15)

Altars:


Innate Abilities, Weirdness & Mutations

Your experience applies equally to all skills.
You have very sharp teeth.
Your uncanny sense of smell can sniff out nearby items.


Message History

The goblin closely misses you. The goblin hits you but does no damage.
You barely miss the goblin.
The goblin is moderately wounded.
The goblin hits you with a +0 dagger. The kobold completely misses you.
The goblin hits you with a +0 dagger.
The kobold throws a stone.
The stone hits you but does no damage.
You see here a stone.
You closely miss the goblin. The goblin closely misses you.
You closely miss the goblin. The goblin hits you but does no damage.
The goblin hits you with a +0 dagger. The goblin misses you.
Casting: Corona (safe; 1% risk of failure)
Confirm with . or Enter, or press ? or * to list all spells.
You don't know that spell.
You barely miss the goblin. The goblin hits you with a +0 dagger.
* * * LOW HITPOINT WARNING * * *
The kobold throws a stone.
The stone barely misses you. The goblin hits you with a +0 dagger.
You die...

#.....##.โ‰ˆ.#....#.# .
#.....##.โ‰ˆ.#.##.#.#.###
#.....##...#......#....
########....รท..>......
#####......####
...#.#..#.####
#............#
##..###..##.#.#
#......@.##.# ..
#.......g##.# ##
#.......K##.######...
##..###..(..........!
..#.....###.#.#.##.#.
#...#.......#.# # .
...#.).###.. ...#...#.
#... .#...#.. ..... โˆ†


You could see a goblin and a kobold.

Vanquished Creatures
  A rat (D:1)
1 creature vanquished.

Notes
Turn   | Place    | Note
-------+----------+-------------------------------------------
     0 | D:1      | Afromullet the Gnoll Enchanter began the quest for the Orb.
     0 | D:1      | Reached XP level 1. HP: 13/13 MP: 6/6
    67 | D:1      | Slain by a goblin

Levels and vault maps discovered:
D:1:      dpeg_arrival_rooms_c, layout_basic, hex_large, nrook_campfire,
          interstate_on_off, hangedman_decor_lopped

Action                   || total
-------------------------++-------
Melee: Mace              ||     6
       Dagger            ||     1
Armor: Robe              ||     3
Dodge: Dodged            ||     6
